 Dungeon Crawl Stone Soup version 0.17.0-9-g801d43b (webtiles) character file.

252 HungrySpirit the Ruffian (level 6, -10/76 HPs)
             Began as a Naga Transmuter on Nov 9, 2015.
             Mangled by Flamingdaze's ghost (20 damage)
             ... on level 4 of the Dungeon.
             The game lasted 00:05:56 (4342 turns).

HungrySpirit the Ruffian (Naga Transmuter)          Turns: 4342, Time: 00:05:58

Health: -10/76     AC: 23    Str: 10 (14) XL:     6   Next: 14%
Magic:  2/10       EV:  1    Int: 14      God:
Gold:   156        SH:  0    Dex: 11      Spells: 3 memorised, 4 levels left

rFire  + . .     SeeInvis +       - Unarmed
rCold  . . .     Clarity  .     (armour currently unavailable)
rNeg   + + +     SustAt   .     (no shield)
rPois  +         Gourm    .     (helmet currently unavailable)
rElec  .         Spirit   .     (cloak currently unavailable)
rCorr  .         Warding  .     (gloves currently unavailable)
rMut   .         NoTele   +     (no barding)
MR     .....                    (no amulet)
Stlth  +++.......               o - ring of protection from fire
                                g - ring of stealth

@: tree-form, not resistant to hostile enchantments, fairly stealthy
A: see invisible, (deformed body), (poison resistance), (slowness 0), slow
metabolism 1, spit poison 2, evolution 1, AC +2
a: Spit Poison


You were on level 4 of the Dungeon.
You were hungry.
You were a tree.
You visited 1 branch of the dungeon, and saw 4 of its levels.

You collected 156 gold pieces.

Inventory:

Missiles
 a - 24 arrows
Armour
 b - a +0 robe (melded)
 p - a +0 plate armour
Jewellery
 g - a ring of stealth (left branch)
 o - a ring of protection from fire (right branch)
Wands
 B - a wand of random effects (42)
Scrolls
 e - a scroll of immolation {unknown}
 h - a scroll of identify {unknown}
 j - a scroll of recharging {unknown}
 k - a scroll of fog {unknown}
 m - 3 scrolls of teleportation {unknown}
 n - a scroll of amnesia {unknown}
 q - a scroll of enchant armour {unknown}
 y - a scroll of remove curse {unknown}
 z - a scroll of random uselessness {unknown}
 A - a scroll of noise {unknown}
Potions
 i - 3 potions of degeneration
 l - a potion of curing {unknown}
 s - a potion of flight {unknown}
 u - a potion of might {unknown}
 v - 2 potions of poison
Books
 c - a book of Changes

   Spells                             Type                      Level
   a - Beastly Appendage              Transmutation                1
   b - Sticks to Snakes               Transmutation                2
   c - Spider Form                    Transmutation/Poison         3
   d - Ice Form                       Ice/Transmutation            4
   e - Blade Hands                    Transmutation                5
 t - an Akashic Record

   Spells                             Type                      Level
   a - Dispersal                      Translocation                6
   b - Malign Gateway                 Summoning/Translocation      7
   c - Disjunction                    Translocation                8
   d - Controlled Blink               Translocation                8
Comestibles
 d - 3 bread rations
 r - a chunk of flesh
 x - a slice of pizza


   Skills:
 - Level 1.0 Fighting
 - Level 1.5 Dodging
 + Level 2.4 Stealth
 * Level 4.7 Unarmed Combat
 * Level 3.1 Spellcasting
 * Level 3.8 Transmutations


You had 4 spell levels left.
You knew the following spells:

 Your Spells              Type           Power        Failure   Level  Hunger
a - Beastly Appendage     Trmt           ##....       4%          1    #......
b - Sticks to Snakes      Trmt           ##........   10%         2    ##.....
c - Ice Form              Ice/Trmt       #.......     89%         4    #####..


Dungeon Overview and Level Annotations

Branches:
Dungeon (4/15)
 Temple: D:4-7

Altars:
The Shining One

Shops:
D:4 :

Annotations:
D:4 Flamingdaze's ghost, amateur VSAE


Innate Abilities, Weirdness & Mutations

You cannot wear boots.
((Your serpentine skin is tough (AC +2).))
You have supernaturally acute eyesight.
((Armour fits poorly on your strangely shaped body.))
((Your system is resistant to poisons.))
((You cover ground very slowly.))
You have a slow metabolism.
You can spit poison.
You evolve.


Message History

Your ball python barely misses Flamingdaze's ghost.
Flamingdaze's ghost closely misses you.
Your adder bites the orc.
The orc dies!
Drink which item? (? for menu, Esc to quit)
It was a potion of poison.
You feel slightly nauseous.
Your adder closely misses Flamingdaze's ghost.
Your ball python barely misses Flamingdaze's ghost.
Your adder barely misses the orc.
Flamingdaze's ghost hits you.
* * * LOW HITPOINT WARNING * * *
Your adder bites Flamingdaze's ghost.
The orc misses your adder.
Your ball python closely misses Flamingdaze's ghost.
Drink which item? (? for menu, Esc to quit)
It was a potion of lignification.
Your horns disappear.
You turn into a tree.
Your +0 robe melds into your body.
Your roots penetrate the ground.
Your adder barely misses the orc.
Your adder bites Flamingdaze's ghost.
Flamingdaze's ghost hits you but does no damage.
You are electrocuted!
You die...

.# #.....#
#.#.# ##
#######
#.#.#### #
#.#....###### #
#.###.......# #
#.# #.......# #
#.W##.......# #
#..'.......# #
#.##.......# o.
#♣S.....# #..
#WS.....#
..o...ooS.....#
.......########
....... ...(...
?....#. .....#.
#######


You could see Flamingdaze's ghost, 2 orcs, 2 friendly adders and a friendly ball
python.

Vanquished Creatures
  A hound (D:4)
  A centaur skeleton (D:4)
  A giant frog skeleton (D:4)
  3 adders
  2 oozes
  3 worms
  6 giant geckos
  2 orcs (D:3)
  2 ball pythons (D:3)
  4 bats
  4 giant cockroaches
  8 goblins
  6 hobgoblins
  5 kobolds
  A quokka (D:3)
  9 giant newts
  9 rats
67 creatures vanquished.

Vanquished Creatures (collateral kills)
  An ogre (D:4)
  An adder (D:4)
  An orc (D:4)
3 creatures vanquished.

Grand Total: 70 creatures vanquished

Notes
Turn   | Place    | Note
--------------------------------------------------------------
     0 | D:1      | HungrySpirit the Naga Transmuter began the quest for the Orb.
     0 | D:1      | Reached XP level 1. HP: 18/18 MP: 3/3
    45 | D:1      | Reached XP level 2. HP: 8/25 MP: 5/5
   425 | D:1      | Learned a level 2 spell: Sticks to Snakes
  1201 | D:2      | Reached XP level 3. HP: 26/31 MP: 4/6
  1249 | D:2      | HP: 1/31 [giant gecko (2)]
  2252 | D:2      | Found a glowing golden altar of the Shining One.
  2626 | D:3      | Reached XP level 4. HP: 34/38 MP: 5/7
  2989 | D:3      | Learned a level 4 spell: Ice Form
  3013 | D:3      | Reached skill level 4 in Unarmed Combat
  3711 | D:4      | Found Piwuynt's Book Emporium.
  3738 | D:4      | Reached skill level 1 in Stealth
  3738 | D:4      | Reached XP level 5. HP: 15/44 MP: 6/9
  4119 | D:4      | Noticed an ogre
  4129 | D:4      | Killed an ogre
  4171 | D:4      | Reached XP level 6. HP: 28/51 MP: 10/10
  4325 | D:4      | Noticed Flamingdaze's ghost (amateur VSAE)
  4340 | D:4      | Gained mutation: Your body sometimes deteriorates upon taking damage. [potion of mutation]
  4340 | D:4      | Lost mutation: Your body sometimes deteriorates upon taking damage. [potion of mutation]
  4340 | D:4      | Gained mutation: You evolve. [potion of mutation]
  4342 | D:4      | Mangled by Flamingdaze's ghost

Action                   |  1- 3 |  4- 6 || total
-------------------------+-------+-------++-------
Melee: Unarmed           |   135 |   131 ||   266
 Cast: Beastly Appendage |    22 |    17 ||    39
       Sticks to Snakes  |       |     7 ||     7
 Abil: Spit Poison       |     1 |       ||     1
  Use: Potion            |       |     4 ||     4
 Stab: Sleeping          |     2 |     5 ||     7
  Eat: Chunk             |     4 |     5 ||     9
